Map: Coda LE (Void)

Players

SticklerMac

  • Race: Zerg Zerg
  • League: Grandmaster

unskilled - Winner!

  • Race: Zerg Zerg
  • League: Grandmaster

VOD

Have the link to the VOD?

Description

Time

  • Played on: June 16, 2015, 2:05 p.m.
  • Length: 13:53
Show
View Real Time Build Order
Export as new Build Order

SticklerMac Zerg 

Build Orders: Pool First 

Get SALT Encoding   

  12  0:02  Drone  
  13  0:08  Drone  
  14  0:27  Spawning Pool  
  13  0:31  Drone, Extractor  
  13  0:36  Drone  
  14  0:45  Overlord  
  14  1:04  Drone x2  
  16  1:24  Hatchery  
  17  1:38  Queen  
  17  1:45  Metabolic Boost  
  17  1:49  Drone  
  19  1:54  Drone  
  19  1:59  Drone  
  20  2:07  Overlord  
  20  2:18  Queen  
  22  2:27  Zergling x4  
  24  2:34  Drone  
  25  2:39  Drone  
  26  2:50  Queen  
  28  2:52  Drone  
  28  2:53  Drone  
  28  2:54  Drone  
  31  3:05  Drone x3  
  34  3:20  Drone x2  
  34  3:24  Overlord  
  36  3:28  Extractor  
  36  3:34  Drone  
  36  3:42  Queen  
  36  3:46  Overlord  
  36  3:47  Overlord  
  38  3:52  Drone x6  
  44  3:57  Overlord  
  44  4:18  Lair  
  44  4:41  Drone x4  
  44  4:42  Drone x4  
  44  4:43  Drone x7  
  44  4:44  Drone  
  60  5:07  Hatchery  
  60  5:11  Hatchery  
  58  5:27  Extractor  
  57  6:06  Extractor  
  56  6:17  Zergling x24  
  68  6:20  Overlord x4  
  68  6:26  Spine Crawler  
  68  6:27  Spine Crawler  
  68  6:29  Spine Crawler  
  68  6:31  Spine Crawler  
  68  6:32  Zergling x2  
  65  6:33  Spine Crawler, Zergling x20  
  65  6:36  Zergling x4  
  65  6:37  Zergling x2  
  73  6:46  Roach Warren, Zergling x4  
  74  6:50  Zergling x8  
  74  6:51  Zergling x2  
  74  6:54  Queen  
  81  7:06  Zergling x2  
  81  7:07  Zergling x8  
  85  7:16  Zergling x12  
  91  7:26  Glial Reconstitution  
  91  7:28  Roach x3  
  97  7:40  Roach  
  97  7:41  Roach x2  
  103  7:45  Drone  
  103  7:46  Drone x2  
  103  7:50  Overlord x6  
  106  7:58  Overlord x3  
  106  8:24  Roach  
  106  8:25  Roach x14  
  135  8:38  Drone x4  
  139  8:58  Spire  
  137  9:04  Roach  
  137  9:05  Roach x10  
  159  9:20  Hatchery  
  159  9:22  Evolution Chamber x2  
  159  9:23  Roach x3  
  159  9:24  Roach  
  163  9:57  Zergling x10  
  163  9:58  Zergling x20  
  163  9:59  Overlord x2  
  156  10:21  Roach x7  
  117  10:29  Roach x2  
  117  10:30  Roach  
  117  10:31  Roach  
  73  10:50  Drone x2  
  73  10:51  Drone x5  
  80  11:01  Overseer  
  80  11:03  Mutalisk  
  80  11:04  Mutalisk x3  
  80  11:08  Mutalisk  
  88  11:16  Roach x2  
  88  11:17  Roach  
  94  11:34  Mutalisk x5  
  97  11:47  Mutalisk x2  
  84  12:02  Mutalisk x4  
  84  12:07  Roach  
  57  12:23  Mutalisk  
  43  12:30  Overseer  
  43  12:54  Drone  
  43  12:55  Drone x5  
Show
View Real Time Build Order
Export as new Build Order

unskilled Zerg - Winner!

Build Orders: Hatch First, Lurkers 

Get SALT Encoding   

  12  0:03  Drone  
  13  0:12  Drone  
  14  0:25  Overlord  
  14  0:45  Drone  
  15  0:50  Drone  
  15  0:54  Hatchery  
  15  1:08  Drone, Spawning Pool  
  15  1:12  Drone  
  17  1:18  Drone  
  17  1:23  Drone  
  18  1:30  Overlord  
  18  1:40  Extractor  
  17  1:56  Zergling x2  
  17  1:57  Zergling x2  
  17  1:58  Queen  
  21  2:07  Queen  
  23  2:09  Roach Warren  
  23  2:11  Drone  
  23  2:14  Drone  
  24  2:22  Drone  
  25  2:23  Drone  
  26  2:32  Drone x2  
  28  2:41  Queen  
  30  2:54  Roach  
  30  2:55  Spine Crawler  
  30  2:57  Roach  
  33  3:01  Roach  
  35  3:07  Overlord  
  35  3:12  Drone  
  36  3:29  Ravager  
  36  3:30  Ravager  
  38  3:35  Drone x5  
  38  3:36  Drone, Overlord  
  44  4:00  Extractor  
  43  4:03  Drone x4  
  43  4:04  Drone  
  43  4:07  Ravager  
  43  4:09  Overlord  
  49  4:15  Drone x3  
  52  4:34  Overlord x2  
  52  4:37  Drone x5  
  52  4:38  Drone x2  
  59  4:51  Extractor  
  59  4:52  Lair, Extractor  
  57  5:03  Roach x6  
  57  5:04  Evolution Chamber, Roach  
  57  5:05  Evolution Chamber  
  69  5:08  Overlord  
  69  5:09  Drone x2  
  71  5:32  Hatchery  
  70  5:40  Zerg Missile Weapons Level 1, Zerg Ground Armor Level 1  
  70  5:41  Drone x2  
  70  5:42  Drone x3  
  75  5:51  Glial Reconstitution  
  75  5:54  Drone  
  75  5:56  Overlord x2  
  76  6:06  Hydralisk Den  
  75  6:13  Overseer  
  75  6:20  Ravager x3  
  75  6:21  Roach x2  
  82  6:37  Roach x2  
  82  6:38  Lurker Den, Roach x3  
  92  6:41  Overlord x2  
  92  6:42  Overlord  
  92  6:48  Spore Crawler  
  92  6:53  Spore Crawler  
  90  6:54  Hydralisk  
  90  6:58  Hydralisk  
  94  7:02  Queen  
  96  7:10  Roach x6  
  108  7:16  Roach x2  
  108  7:18  Hydralisk  
  114  7:26  Drone  
  114  7:27  Drone x3  
  118  7:35  Hydralisk x2  
  122  7:42  Zerg Missile Weapons Level 2  
  122  7:45  Overlord x2  
  122  8:07  Lurker  
  122  8:08  Lurker  
  122  8:10  Drone x12  
  122  8:11  Drone  
  137  8:18  Spine Crawler  
  136  8:21  Lurker x2  
  138  8:42  Overlord x3, Extractor  
  138  8:43  Overlord  
  138  8:46  Extractor  
  136  8:49  Drone  
  137  9:03  Pneumatized Carapace  
  137  9:05  Muscular Augments  
  137  9:11  Drone x3  
  137  9:12  Drone x3  
  137  9:15  Lurker  
  137  9:16  Hydralisk x3  
  137  9:17  Hydralisk  
  146  9:19  Hydralisk  
  146  9:20  Hydralisk x2  
  158  9:30  Infestation Pit  
  157  9:55  Hatchery  
  156  10:03  Lurker x3  
  156  10:04  Lurker  
  150  10:32  Hydralisk x2, Roach x2  
  150  10:33  Roach x8  
  167  10:40  Overlord x2, Hydralisk  
  167  10:41  Overlord  
  169  10:58  Queen  
  168  11:45  Hydralisk  
  168  11:46  Hydralisk x8  
  170  12:14  Hydralisk x6  
  163  12:32  Hydralisk x3  
  163  12:33  Hydralisk x3  
  165  12:41  Queen  
  165  12:43  Drone x3  
  165  12:44  Drone x3  
  140  12:58  Hydralisk x3  
  140  12:59  Hydralisk  
  140  13:09  Hydralisk x6  
  140  13:10  Hydralisk x10  
Tags
 
Add a new tag
Caveats
  • Supply blocks, unpowered buildings, or Contaminate may cause inaccurate times.
  • Supply counts are checked every 10 seconds.